cohdb
Replays
Latest Replays
All Replays
Popular Replays
Top Player Replays
Match Explorer
How It Works
Community
CoH3 Stats
Reddit
Sign in to upload your games and track your stats! →
Sign in with Steam
Match 39814600
Unlisted
Match 39814600
Overview
Messages
Build Orders
End
Construct Infanterie Kompanie
Selects Terror Battlegroup
MG 42 Machine Gun Team
Grenadier Squad
Construct Panzergrenadier Kompanie
Panzergrenadier Squad
251 Medium Carrier
Pak 40 Anti-tank Gun Team
Selects Heavy Gunnery
Selects Interrogate
Panzergrenadier Officer Quarters
Medical Station
Pak 40 Anti-tank Gun Team
Pak 40 Anti-tank Gun Team
Construct Panzer Kompanie
Selects Jericho Trumpet
Pioneer Squad
251 Medium Carrier
Panzer IV Medium Tank
Selects V1 Rocket Strike
V1 Rocket Strike
Panzergrenadier Squad
Panzer IV Medium Tank
Selects Defend the Fatherland
Pioneer Squad
MG 42 Machine Gun Team
Selects King Tiger Heavy Tank
King Tiger Heavy Tank
Panzer Officer Quarters
Pioneer Squad
V1 Rocket Strike
Panzergrenadier Squad
Panzergrenadier Squad
251 Medium Carrier
Panzer IV Medium Tank
Panzergrenadier Squad
251 Medium Carrier
V1 Rocket Strike
Pak 40 Anti-tank Gun Team
Pak 40 Anti-tank Gun Team
251 Medium Carrier
kenleung
神奇香蕉
寶兔兔
.
Bravocon
爱姝琴的每一天
0
0
Comments
sign in to comment!
No comments posted yet!